AoeStats
← manfred_da_pig

African Clearing

505311545Analyzed
2v2 RM · 24d ago on Sep 8, 2026· 13m 59s· 4 players
Game mode
Random Map
Map size
Medium (4 player)
Population
200
Speed
Normal
Resources
Standard
Victory
Conquest
Starting age
Dark Age
Ending age
Imperial Age
RankedLock teamsTeams togetherTeam positionsShared explorationLock speedFull tech treeHidden civsTurbo modeCheats
Victory
Defeat
🇨🇴 Italians · Colombia
1522
+14
🇦🇷 Khitans · Argentina
1462
+15
1480
-15
🇩🇪 Byzantines · Germany
1451
-14
Mülltonnenbelästigungsgesetz
4:20 Loom
13:13 Feudal Age
manfred_da_pig
10:34 Loom
13:02 Feudal Age
I CZK I Break
11:16 Loom
13:02 Feudal Age
| CZK | Ashvini
4:02 Loom
12:50 Feudal Age
Connection lost

Rejoining the realm…

Still unreachable

The connection could not be restored.

Session expired

The server has moved on; the page needs a fresh start.